 Dungeon Crawl Stone Soup version 0.27-a0-637-g3a9f0a9c12 (webtiles) character file.

Game seed: 12944881975572535574

203 zzzxxxcccvvv the Chopper (level 5, -2/47 HPs)
             Began as a Minotaur Fighter on Mar 14, 2021.
             Slain by an ogre
             ... wielding a +0 giant spiked club
              (17 damage)
             ... on level 2 of the Dungeon.
             The game lasted 00:08:07 (1689 turns).

zzzxxxcccvvv the Chopper (Minotaur Fighter)         Turns: 1689, Time: 00:08:08

Health: -2/47      AC:  8    Str: 21    XL:     5   Next: 51%
Magic:  4/4        EV:  8    Int:  5    God:
Gold:   67         SH:  9    Dex: 10    Spells: 4/4 levels left

rFire    . . .     SeeInvis .   a - +0 war axe
rCold    . . .     Faith    .   c - +0 kite shield
rNeg     . . .     Spirit   .   b - +0 scale mail
rPois    .         Reflect  .   (helmet restricted)
rElec    .         Harm     .   (no cloak)
rCorr    .         Rampage  .   e - +0 pair of gloves
Will     .....                  (no boots)
Stlth    ..........             (no amulet)
HPRegen  0.15/turn              (no ring)
MPRegen  0.09/turn              (no ring)

@: no status effects
A: horns 2, retaliatory headbutt
a: no special abilities


You were on level 2 of the Dungeon.
You visited 1 branch of the dungeon, and saw 2 of its levels.

You collected 67 gold pieces.

Inventory:

Hand Weapons
 a - a +0 war axe (weapon)
Missiles
 i - 6 curare-tipped darts (quivered)
Armour
 b - a +0 scale mail (worn)
 c - a +0 kite shield (worn)
 e - a +0 pair of gloves (worn)
Wands
 l - a wand of charming (9)
Scrolls
 g - a scroll of noise {unknown}
 k - 2 scrolls of identify {unknown}
Potions
 d - 2 potions of might
 f - a potion of heal wounds {unknown}
 h - a potion of brilliance {unknown}
 j - a potion of curing {unknown}


   Skills:
 + Level 4.8 Fighting
 + Level 5.2 Axes
 + Level 4.4 Armour
 * Level 1.6 Dodging
 - Level 3.6 Shields


You had 4 spell levels left.
You didn't know any spells.
Your spell library was empty.

Dungeon Overview and Level Annotations

Branches:
Dungeon (2/15)

Altars:


Innate Abilities, Weirdness & Mutations

You have a pair of horns on your head.
You reflexively headbutt those who attack you in melee.


Message History

The hobgoblin moves out of view.
Found 7 gold pieces.
The hobgoblin hits you but does no damage.
You barely miss the hobgoblin. You block the hobgoblin's attack.
You closely miss the hobgoblin.
The hobgoblin hits you but does no damage. x2
You hit the hobgoblin.
You kill the hobgoblin!
You now have 67 gold pieces (gained 7).
You see here a +0 club.
A kobold and an ogre come into view.
The ogre shouts!
The kobold throws a stone.
You block the stone.
Found a stone staircase leading up.
The ogre hits you but does no damage.
You slash the ogre!
The ogre is moderately wounded.
You barely miss the kobold. You block the kobold's attack.
The ogre hits you with a +0 giant spiked club!
The kobold closely misses you. You furiously retaliate!
You headbutt the kobold!
You kill the kobold!
You closely miss the ogre. Your headbutt misses the ogre.
The ogre is moderately wounded.
The ogre hits you with a +0 giant spiked club!
You hit the ogre.
The ogre is heavily wounded.
The ogre barely misses you.
You slash the ogre!
The ogre is severely wounded.
You block the ogre's attack.
Your scale mail prevents you from hitting the ogre.
You headbutt the ogre.
The ogre is almost dead.
The ogre hits you with a +0 giant spiked club!
* * * LOW HITPOINT WARNING * * *
You barely miss the ogre.
The ogre is almost dead.
The ogre hits you with a +0 giant spiked club!
You die...

...... #...#....#....#
..... #...#....#.###.
.... ##..)....#.###.
#..## #.#...###.#...
#...# #.###.###.....
#..###.............
#.......#.........
#.#####......>.... #@#
##....#.....
#...(O..####....#.....
#...................##
#........##.#.....###
#...................##
#........#.##.........
<.....................
.......................
........######..


You could see an ogre.

Vanquished Creatures
  A wyvern zombie (D:2)
  A scorpion (D:2)
  2 adders (D:2)
  An ooze (D:1)
  3 worms (D:2)
  4 dart slugs
  6 bats
  4 giant cockroaches (D:1)
  8 goblins
  10 hobgoblins
  A jackal (D:2)
  2 frilled lizards
  3 kobolds
  10 rats
56 creatures vanquished.

Vanquished Creatures (others)
  3 plants
3 creatures vanquished.

Grand Total: 59 creatures vanquished

Notes
Turn   | Place    | Note
-------+----------+-------------------------------------------
     0 | D:1      | zzzxxxcccvvv the Minotaur Fighter began the quest for the
                  | Orb.
     0 | D:1      | Reached XP level 1. HP: 19/19 MP: 0/0
   132 | D:1      | Reached XP level 2. HP: 24/27 MP: 1/1
   149 | D:1      | Reached skill level 3 in Axes
   381 | D:1      | Reached XP level 3. HP: 33/33 MP: 2/2
   909 | D:2      | Noticed a scorpion
   925 | D:2      | Killed a scorpion
   926 | D:2      | Reached skill level 4 in Axes
   926 | D:2      | Reached XP level 4. HP: 13/41 MP: 3/3
   950 | D:2      | HP: 2/41 [poisoned by a scorpion]
   958 | D:2      | HP: 1/41 [poisoned by a scorpion]
  1304 | D:2      | Reached skill level 5 in Axes
  1304 | D:2      | Reached skill level 1 in Dodging
  1304 | D:2      | Reached XP level 5. HP: 18/47 MP: 4/4
  1681 | D:2      | Noticed an ogre
  1689 | D:2      | Slain by an ogre

Illustrated notes

Levels and vault maps discovered:
D:1:      amcnicky_arrival_wind_blow, layout_basic, serial_bayou_pond_b,
          minmay_cut_off
D:2:      cheibrodos_old_hovel, layout_rooms

Skill      XL: |  1  2  3  4 |
---------------+-------------+-----
Fighting       | 4 |  4.8
Axes           | 3 4 5 |  5.2
Armour         | 4 |  4.4
Dodging        | 1 |  1.6
Shields        | |  3.6

Action                   |  1- 3 |  4- 6 || total
-------------------------+-------+-------++-------
Melee: War axe           |    81 |    44 ||   125
       Headbutt          |    17 |     7 ||    24
Armor: Scale mail        |    44 |    14 ||    58
Dodge: Dodged            |    19 |    11 ||    30
Block: Kite shield       |    55 |    24 ||    79

Table legend: (Time is in decaauts)
 A = Elapsed time spent in this place.
 B = Non-inter-level travel time spent in this place.
 C = Inter-level travel time spent in this place.
 D = Time resting spent in this place.
 E = Time spent auto-exploring this place.
 F = Levels seen in this place.
 G = Mean time per level.
                   A        B        C        D        E       F      G
               +--------+--------+--------+--------+--------+-----+--------+
         Total |   1758 |   1746 |     12 |    465 |    705 |   2 |  879.0 |
       Dungeon |   1758 |   1746 |     12 |    465 |    705 |   2 |  879.0 |
               +--------+--------+--------+--------+--------+-----+--------+

Top non-repeatable levels by time:
     D:1: 953 daAuts
     D:2: 805 daAuts
